AoeStats
← Anemone689082

Enclosed

506840985Analyzed
1v1 RM · 15d ago on Sep 15, 2026· 34m 34s· 2 players
Game mode
Random Map
Map size
Tiny (2 player)
Population
200
Speed
Normal
Resources
Standard
Victory
Conquest
Starting age
Dark Age
Ending age
Imperial Age
RankedLock teamsTeams togetherTeam positionsShared explorationLock speedFull tech treeHidden civsTurbo modeCheats
Victory
Defeat
🇨🇭 Cumans · Switzerland
1219
+14
🇦🇹 Italians · Austria
1183
-14
Mr.MoneyBoy
6:59 Loom
12:16 Feudal Age
13:45 Horse Collar
13:53 Double-Bit Axe
14:52 Wheelbarrow
17:40 Castle Age
17:32 Stone Mining
17:38 Gold Mining
26:23 Padded Archer Armor
26:13 Fletching
27:09 Ballistics
28:01 Thumb Ring
28:56 Stone Shaft Mining
28:22 Heavy Plow
28:35 Bow Saw
29:17 Leather Archer Armor
29:09 Bodkin Arrow
29:32 Masonry
29:17 Treadmill Crane
29:33 Murder Holes
30:24 Hand Cart
30:00 Town Watch
31:28 Stone Shaft Mining
31:47 Town Patrol
34:47 Imperial Age
32:49 Forging
32:45 Scale Barding Armor
33:41 Bloodlines
33:32 Husbandry
32:53 Light Cavalry
35:07 Iron Casting
34:53 Chain Barding Armor
Anemone689082
5:14 Loom
9:46 Feudal Age
10:53 Double-Bit Axe
12:01 Horse Collar
19:52 Bloodlines
19:51 Scale Barding Armor
23:02 Castle Age
21:26 Gold Mining
21:28 Stone Mining
22:33 Forging
24:17 Chain Barding Armor
24:33 Iron Casting
31:02 Imperial Age
29:07 Fletching
29:19 Padded Archer Armor
29:50 Ballistics
29:40 Heavy Plow
29:53 Bow Saw
31:32 Fervor
32:19 Gold Shaft Mining
32:20 Bodkin Arrow
33:20 Leather Archer Armor
33:35 Elite Steppe Lancer
35:16 Wheelbarrow
Connection lost

Rejoining the realm…

Still unreachable

The connection could not be restored.

Session expired

The server has moved on; the page needs a fresh start.